 Dungeon Crawl Stone Soup version 0.29.1-15-g9cfb28693d (webtiles) character file.

Game seed: 3736736554384762510

253798 hawkguy the Warrior (level 19, -5/183 (185) HPs)
             Began as a Minotaur Fighter on Apr 27, 2023.
             Was a High Priest of Okawaru.
             Slain by a crystal guardian (23 damage)
             ... summoned by a boggart
             ... on level 2 of the Vaults on May 1, 2023.
             The game lasted 03:27:38 (30238 turns).

hawkguy the Warrior (Minotaur Fighter)             Turns: 30238, Time: 03:27:38

HP:   -5/183 (185)  AC: 49    Str: 26    XL:     19   Next: 0%
MP:   24/27         EV: 16    Int: 14    God:    Okawaru [*****.]
Gold: 1982          SH: 16    Dex: 16    Spells: 18/18 levels left

rFire   + + .      SeeInvis +   n - +10 morningstar "Eos" {elec, Halo rElec}
rCold   + . .      Faith    .   Z - +0 kite shield
rNeg    . . .      Spirit   .   x - +15 plate armour of Intuition {-Tele rPois rF- Int+10}
rPois   +          Reflect  .   O - +2 hat {SInv}
rElec   +          Harm     .   I - +0 cloak
rCorr   .          Rampage  .   m - +2 pair of gloves
Will    ++...      NoTele   +   q - +2 pair of boots of the Old World {rF+ rC+ Will+}
Stlth   ..........              r - amulet of regeneration
HPRegen 1.20/turn               D - ring "Wyxzef" {*Slow Fly rElec rF+ SInv}
MPRegen 0.20/turn               N - ring of protection from fire

@: mighty, heroic, finesse-ful, marked, flying, glowing, lightly drained
A: horns 2, retaliatory headbutt, iridescent scales 1, agile 1
}: 2/15 runes: decaying, gossamer
a: Renounce Religion, Heroism, Finesse, Duel


You were on level 2 of the Vaults.
You worshipped Okawaru.
Okawaru was extremely pleased with you.
You visited 7 branches of the dungeon, and saw 33 of its levels.
You also visited: Bailey.

You collected 3825 gold pieces.
You spent 1843 gold pieces at shops.

Inventory:

Hand Weapons
 f - a +1 dire flail of protection
 n - the +10 morningstar "Eos" (weapon) {elec, Halo rElec}
   (You acquired it on level 4 of the Lair of Beasts)

   It occasionally discharges a powerful burst of electricity upon striking a
   foe.
   It grants its wielder a halo, revealing invisible creatures and increasing
   accuracy against all within it other than the wielder.
   rElec:     It insulates you from electricity.
 U - a +3 vorpal morningstar
Missiles
 d - 6 throwing nets
 Q - 11 silver javelins
 V - 7 silver boomerangs (quivered)
Armour
 a - a +2 buckler of protection
 c - +0 gold dragon scales
 m - a +2 pair of gloves (worn)
 q - the +2 pair of boots of the Old World (worn) {rF+ rC+ Will+}
   (Okawaru gifted it to you on level 1 of the Lair of Beasts)

   rF:        It protects you from fire.
   rC:        It protects you from cold.
   Will:      It increases your willpower.
 x - the +15 plate armour of Intuition (worn) {-Tele rPois rF- Int+10}
   (You found it on level 5 of the Dungeon)

   Int:       It affects your intelligence (+10).
   rF:        It makes you vulnerable to fire.
   rPois:     It protects you from poison.
   -Tele:     It prevents most forms of teleportation.
 I - a +0 cloak (worn)
 O - a +2 hat of see invisible (worn)
 Z - a +0 kite shield (worn)
Jewellery
 h - a +4 ring of protection
 l - a ring of positive energy
 r - an amulet of regeneration (around neck)
 A - a ring of flight
 D - the ring "Wyxzef" (left hand) {*Slow Fly rElec rF+ SInv}
   (You bought it in a shop on level 2 of the Vaults)

   [ring of protection from fire]

   rF:        It protects you from fire.
   rElec:     It insulates you from electricity.
   SInv:      It lets you see invisible.
   Fly:       It grants you flight.
   *Slow:     It may slow you when you take damage.
 L - a ring of poison resistance
 N - a ring of protection from fire (right hand)
 W - a +6 ring of strength
Wands
 p - a wand of acid (23)
 u - a wand of digging (18)
 w - a wand of roots (51)
 z - a wand of flame (71)
 F - a wand of polymorph (42)
 G - a wand of mindburst (26)
Scrolls
 g - 2 scrolls of poison
 i - 3 scrolls of magic mapping
 s - a scroll of silence
 t - a scroll of amnesia
 y - 18 scrolls of teleportation
 C - 8 scrolls of enchant armour
 J - 4 scrolls of blinking
 S - 2 scrolls of enchant weapon
 T - 10 scrolls of identify
 X - a scroll of brand weapon
Potions
 b - 2 potions of cancellation
 e - 7 potions of brilliance
 j - 2 potions of curing
 k - 5 potions of mutation
 v - 2 potions of magic
 B - a potion of might
 H - 2 potions of berserk rage
 K - 4 potions of lignification
 P - 2 potions of resistance
 R - 8 potions of ambrosia
Miscellaneous
 E - a phial of floods


   Skills:
 * Level 20.2(25.2) Fighting
 - Level 16.0(21.0) Maces & Flails
 + Level 11.2(16.2) Throwing
 + Level 17.7(22.7) Armour
 + Level 12.2(17.2) Dodging
 + Level 17.5(22.5) Shields
 + Level 12.5 Invocations


You had 18 spell levels left.
You didn't know any spells.
Your spell library contained the following spells:

 Spells                   Type           Power      Damage    Failure   Level
 Beastly Appendage        Tmut           0%         N/A       83%         1
 Foxfire                  Conj/Fire      0%         2x1d4     83%         1
 Freeze                   Ice            0%         1d3       83%         1
 Magic Dart               Conj           0%         1d3       83%         1
 Necrotise                Necr           0%         1d4       83%         1
 Sandblast                Erth           0%         2d4       83%         1
 Shock                    Conj/Air       0%         1d3       83%         1
 Blink                    Tloc           0%         N/A       92%         2
 Ensorcelled Hibernation  Hex/Ice        0%         N/A       92%         2
 Passwall                 Tmut/Erth      0%         N/A       92%         2
 Conjure Flame            Conj/Fire      0%         6-21      99%         3
 Frozen Ramparts          Ice            0%         1d1       99%         3
 Ignite Poison            Fire/Tmut/Pois 0%         N/A       99%         3
 Inner Flame              Hex/Fire       0%         N/A       99%         3
 Lesser Beckoning         Tloc           0%         N/A       99%         3
 Mephitic Cloud           Conj/Pois/Air  0%         N/A       99%         3
 Portal Projectile        Hex/Tloc       0%         N/A       99%         3
 Spider Form              Tmut/Pois      0%         N/A       99%         3
 Swiftness                Air            0%         N/A       99%         3
 Vampiric Draining        Necr           0%         2d6       99%         3
 Airstrike                Air            0%         2d(0-16)  100%        4
 Anguish                  Hex/Necr       0%         N/A       100%        4
 Corpse Rot               Necr/Pois/Air  0%         N/A       100%        4
 Dispel Undead            Necr           0%         3d6       100%        4
 Flame Wave               Conj/Fire      0%         2d4       100%        4
 Hailstorm                Conj/Ice       0%         3d3       100%        4
 Leda's Liquefaction      Hex/Erth       0%         N/A       100%        4
 Petrify                  Tmut/Erth      0%         N/A       100%        4
 Agony                    Necr           0%         N/A       100%        5
 Blade Hands              Tmut           0%         N/A       100%        5
 Borgnjor's Vile Clutch   Necr/Erth      0%         N/A       100%        5
 Lee's Rapid Deconstruct  Erth           0%         3d5*      100%        5
 Lightning Bolt           Conj/Air       0%         1d11      100%        5
 Manifold Assault         Tloc           0%         N/A       100%        5
 Metabolic Englaciation   Hex/Ice        0%         N/A       100%        5
 Iron Shot                Conj/Erth      0%         9d1       100%        6
 Starburst                Conj/Fire      0%         6d3       100%        6
 Statue Form              Tmut/Erth      0%         N/A       100%        6
 Call Imp                 Summ           Unusable   N/A       N/A         2
 Tukima's Dance           Hex            Unusable   N/A       N/A         3
 Animate Armour           Summ/Erth      Unusable   N/A       N/A         4
 Animate Dead             Necr           Unusable   N/A       N/A         4
 Summon Lightning Spire   Summ/Air       Unusable   N/A       N/A         4
 Death Channel            Necr           Unusable   N/A       N/A         6

Dungeon Overview and Level Annotations

Branches:
Dungeon (15/15)            Temple (1/1) D:4            Lair (5/5) D:8
  Swamp (4/4) Lair:3       Spider (4/4) Lair:3        Slime (0/5) Lair:4
    Orc (2/2) D:11            Elf (0/3) Orc:2        Vaults (2/5) D:13
 Depths (0/4) D:15         Bailey (visited)
  Crypt: Vaults:2-3

Altars:
Ashenzari
Cheibriados
Dithmenos
Elyvilon
Fedhas
Gozag
Hepliaklqana
Kikubaaqudgha
Makhleb
Nemelex Xobeh
Okawaru
Qazlal
Ru
Sif Muna
Trog
Uskayaw
Vehumet
Wu Jian
Xom
Yredelemnul
Zin
The Shining One
Jiyva

Shops:
D:5 *   Orc:2 *[[((   Vaults:1 [   Vaults:2 =

Annotations:
D:5 1 runed translucent door, Crazy Yiuf
Swamp:3 1 runed translucent door, Suryr's ghost, adept GnHW
Spider:4 1 runed translucent door, Bolleh's ghost, journeyman GnSk; Roxanne


Innate Abilities, Weirdness & Mutations

You have a pair of horns on your head.
You reflexively headbutt those who attack you in melee.
You are partially covered in iridescent scales. (AC +2)
You are agile. (Dex +4, Str/Int -1)


Message History

There is an open door here.
You impale the war gargoyle!!
You headbutt the war gargoyle, but do no damage.
The war gargoyle is moderately damaged.
You block the war gargoyle's attack.
The war gargoyle attacks as you move away!
You block the war gargoyle's attack. The peacekeeper misses you.
The peacekeeper claws you.
* * * LOW HITPOINT WARNING * * *
You feel better.
The war gargoyle no longer looks unusually strong.
The peacekeeper misses you.
The peacekeeper claws you but does no damage.
The vault sentinel blows a loud note on a signal horn!
You impale the peacekeeper!! You headbutt the peacekeeper.
The peacekeeper is almost destroyed.
The peacekeeper barely misses you.
The peacekeeper claws you but does no damage.
You hit the peacekeeper.
The peacekeeper is almost destroyed.
You block the peacekeeper's attack. The peacekeeper misses you.
You puncture the peacekeeper!
You destroy the peacekeeper!
The peacekeeper dissolves into shadows!
You hit the war gargoyle.
The war gargoyle is moderately damaged.
You completely miss the war gargoyle.
The war gargoyle is moderately damaged.
The war gargoyle launches metal splinters at you.
The spray of metal splinters misses you.
You sock the war gargoyle! You headbutt the war gargoyle!!
The war gargoyle is almost destroyed.
Strange energies crackle from the ironbound thunderhulk's apparatus.
The ironbound thunderhulk blinks!
You impale the war gargoyle!!
You destroy the war gargoyle!
The war gargoyle dissolves into shadows!
The crystal guardian attacks as you move away!
The crystal guardian hits you!!
You die...

#)..## ##...# .##..#
..####
#####################
....................#
................O...#
........††..........#
................@...#
####+############9###
#.....G.# #.......#
#.......# #[O.....#
#.ge....# #.......#
#.......#


You could see an ironbound thunderhulk, a great orb of eyes (summoned) and a
crystal guardian (summoned, strong).

Vanquished Creatures
  Bai Suzhen (Swamp:4)
  Jorgrun (D:12)
  Rupert (Orc:2)
  Gastronok (D:11)
  A tengu reaver (Vaults:2)
  2 thorn hunters
  Kirke (Swamp:3)
  3 fenstrider witches
  An orc warlord (Orc:2)
  2 vault wardens
  Aizul (Swamp:2)
  4 emperor scorpions
  A ghost moth (Spider:4)
  4 very ugly things
  2 broodmothers
  3 ironbound preservers
  8 dire elephants
  3 entropy weavers
  6 eleionomae
  4 spark wasps
  4 ironbound thunderhulks
  3 bunyips
  Snorg (Lair:5)
  2 ettins
  2 shambling mangroves
  4 yaktaur captains
  4 great orbs of eyes
  Erolcha (D:10)
  An ice dragon (D:11)
  7 boulder beetles
  24 hydras
  2 vault guards (Vaults:2)
  2 catoblepae
  A rakshasa (D:14)
  4 centaur warriors
  2 jorogumos
  2 ironbound frosthearts
  A ghost crab (Swamp:4)
  3 two-headed ogres
  12 alligators
  2 dancing weapons (D:13)
  5 radroaches
  A deep troll shaman (Lair:5)
  12 death yaks (Lair:5)
  Sonja (D:11)
  A hell knight (D:15)
  A spriggan berserker (Swamp:2)
  5 goliath frogs
  3 skeletal warriors (D:15)
  2 sun moths (Spider:4)
  10 pharaoh ants
  4 spriggan druids
  5 steelbarb worms
  5 lindwurms
  8 orb spiders
  9 deep trolls
  11 swamp dragons
  An orc knight (Orc:1)
  4 wizards
  A necromancer (D:15)
  5 ironbound convokers
  A harpy (Vaults:1)
  2 deep elf pyromancers (D:15)
  5 bog bodies
  21 ugly things
  4 will-o-the-wisps
  3 orc sorcerers
  24 wolf spiders
  2 moths of wrath
  A manticore (D:14)
  6 cyclopes
  26 elephants
  5 torpor snails
  3 vault sentinels (Vaults:1)
  6 black mambas
  4 unseen horrors
  A gargoyle (D:13)
  7 yaktaurs (Vaults:1)
  13 cane toads
  11 demonic crawlers
  11 komodo dragons
  2 kobold demonologists
  6 rime drakes
  A yaktaur (shapeshifter) (D:15)
  13 meliai
  9 hornets
  A queen bee (shapeshifter) (D:15)
  11 tyrant leeches
  3 polar bears
  15 tarantellas
  3 trolls
  15 slime creatures
  13 dream sheep (Lair:5)
  11 blink frogs
  10 spriggans
  2 shadows
  18 culicivoras
  29 jumping spiders
  3 wraiths (D:11)
  5 vampires
  Eustachio (D:6)
  A yak (shapeshifter) (D:13)
  4 wyverns
  47 yaks
  Grum (Lair:1)
  A golden eye (shapeshifter) (D:14)
  3 hogs (Swamp:3)
  12 vampire mosquitoes
  4 basilisks
  58 redbacks
  14 swamp worms
  3 wargs
  23 water moccasins
  3 acid dragons
  Edmund (D:4)
  Duvessa (D:7)
  34 orc warriors
  3 black bears
  12 swamp drakes
  An ice beast (D:5)
  2 sky beasts (D:8)
  11 ogres
  23 wolves
  10 centaurs
  7 kobold brigands
  13 bullfrogs
  13 gnoll sergeants
  A necrophage (D:6)
  A scorpion (D:4)
  8 wights
  Dowan (D:7)
  6 killer bees
  3 howler monkeys
  6 electric eels
  A lava snake (D:9)
  6 hounds
  6 gnoll boudas (Bailey)
  22 orc priests
  2 jellies (D:4)
  4 iguanas
  35 orc wizards
  35 gnolls
  7 adders
  3 shadow imps
  A white imp (D:8)
  An ufetubus (D:4)
  A worm (D:5)
  3 dart slugs
  102 orcs
  8 ball pythons
  5 endoplasms
  3 giant cockroaches
  10 goblins
  6 hobgoblins
  2 jackals (D:3)
  4 quokkas
  3 bats
  2 frilled lizards
  33 kobolds
  10 rats
1201 creatures vanquished.

Vanquished Creatures (others)
  Asterion (Spider:3)
  A demonic crawler (Spider:4)
  A tarantella (Spider:4)
  An orc wizard (Orc:1)
  3 briar patches (Swamp:1)
  8 foxfires
  47 fungi
  44 plants
  6 toadstools (Lair:2)
112 creatures vanquished.

Grand Total: 1313 creatures vanquished

Notes
Turn   | Place    | Note
-------+----------+-------------------------------------------
     0 | D:1      | hawkguy the Minotaur Fighter began the quest for the Orb.
     0 | D:1      | Reached XP level 1. HP: 19/19 MP: 0/0
   246 | D:1      | Reached XP level 2. HP: 27/27 MP: 1/1
   887 | D:2      | Gained mutation: You are clumsy. (Dex -2) [potion of
                  | mutation]
   887 | D:2      | Gained mutation: You occasionally lose the ability to drink
                  | potions when taking damage. [potion of mutation]
   887 | D:2      | Gained mutation: You have sharp toenails. [potion of
                  | mutation]
   947 | D:2      | Reached skill level 4 in Fighting
   947 | D:2      | Reached XP level 3. HP: 33/33 MP: 2/2
  1084 | D:2      | Lost mutation: You have sharp toenails. [potion of
                  | mutation]
  1084 | D:2      | Lost mutation: You occasionally lose the ability to drink
                  | potions when taking damage. [potion of mutation]
  1084 | D:2      | Lost mutation: You are clumsy. (Dex -2) [potion of
                  | mutation]
  1084 | D:2      | Gained mutation: You have sharp fingernails. [potion of
                  | mutation]
  1084 | D:2      | Gained mutation: Your flesh is cold resistant. (rC+)
                  | [potion of mutation]
  1234 | D:2      | Reached XP level 4. HP: 37/41 MP: 3/3
  1542 | D:3      | Found a transporter.
  1559 | D:3      | Lost mutation: Your flesh is cold resistant. (rC+) [potion
                  | of mutation]
  1559 | D:3      | Lost mutation: You have sharp fingernails. [potion of
                  | mutation]
  1559 | D:3      | Gained mutation: You are partially covered in iridescent
                  | scales. (AC +2) [potion of mutation]
  1559 | D:3      | Gained mutation: Your mind is acute. (Int +4, Str/Dex -1)
                  | [potion of mutation]
  1559 | D:3      | Gained mutation: Your skin changes colour to match your
                  | surroundings (Stealth+). [potion of mutation]
  1573 | D:3      | Found a transporter.
  1693 | D:3      | Reached XP level 5. HP: 47/47 MP: 4/4
  1701 | D:3      | Found a faded altar of an unknown god.
  1853 | D:3      | Identified the +6 spear of Disintegration {flame, Str+3
                  | Dex+4 Stlth-}
  1897 | D:3      | Found a faded altar of an unknown god.
  1901 | D:3      | Found a shadowy altar of Dithmenos.
  2108 | D:3      | Reached skill level 5 in Fighting
  2108 | D:3      | Reached skill level 5 in Armour
  2108 | D:3      | Reached skill level 5 in Shields
  2161 | D:3      | Reached XP level 6. HP: 20/56 MP: 5/5
  2292 | D:4      | Lost mutation: Your mind is acute. (Int +4, Str/Dex -1)
                  | [potion of mutation]
  2292 | D:4      | Lost mutation: Your skin changes colour to match your
                  | surroundings (Stealth+). [potion of mutation]
  2292 | D:4      | Gained mutation: You are agile. (Dex +4, Str/Int -1)
                  | [potion of mutation]
  2300 | D:4      | Found a staircase to the Ecumenical Temple.
  2360 | Temple   | Entered the Ecumenical Temple
  2525 | D:4      | Got Bufos's Secrets of the Blaze
  2661 | D:4      | Noticed Edmund
  2674 | D:4      | Killed Edmund
  2675 | D:4      | Reached skill level 5 in Maces & Flails
  2675 | D:4      | Reached XP level 7. HP: 52/62 MP: 6/6
  2727 | D:4      | Found a shimmering blue altar of Sif Muna.
  2781 | D:4      | Got Sif Muna's Quarto of the Winter
  2783 | D:4      | Got Sif Muna's Treatise on Minerals
  2785 | D:4      | Got Sif Muna's Catalogue of Variation
  2833 | D:4      | Reached skill level 6 in Fighting
  2973 | D:5      | Entered Level 5 of the Dungeon
  3077 | D:5      | Found an opulent altar of Gozag.
  3078 | D:5      | Found Gozag's Platinum Reserve.
  3176 | D:5      | Identified the +15 plate armour of Intuition {-Tele rPois
                  | rF- Int+10}
  3203 | D:5      | Reached XP level 8. HP: 52/71 MP: 7/7
  3558 | D:5      | Reached skill level 7 in Fighting
  3645 | D:5      | Found a runed translucent door.
  3646 | D:5      | Noticed Crazy Yiuf
  4045 | D:6      | Found an iron altar of Okawaru.
  4140 | D:6      | Reached XP level 9. HP: 80/80 MP: 8/8
  4192 | D:6      | Found a broken altar of Ashenzari.
  4239 | D:6      | Found a blossoming altar of Fedhas.
  4355 | D:6      | Became a worshipper of Warmaster Okawaru
  4419 | D:6      | Found a snail-covered altar of Cheibriados.
  4422 | D:6      | Noticed Eustachio
  4440 | D:6      | Killed Eustachio
  4463 | D:6      | Reached skill level 8 in Fighting
  4770 | D:7      | Found a flagged portal.
  4783 | Bailey   | Entered a bailey
  4855 | Bailey   | Reached * piety under Okawaru
  5206 | Bailey   | Reached skill level 10 in Maces & Flails
  5261 | Bailey   | Reached ** piety under Okawaru
  5686 | D:7      | Found a sacrificial altar of Ru.
  5857 | D:7      | Noticed Dowan
  5862 | D:7      | Killed Dowan
  5863 | D:7      | Noticed Duvessa
  5876 | D:7      | Killed Duvessa
  5877 | D:7      | Reached skill level 9 in Fighting
  5877 | D:7      | Reached XP level 10. HP: 57/91 MP: 9/9
  6452 | D:8      | Found a staircase to the Lair.
  6735 | D:8      | Noticed a moth of wrath
  6739 | D:8      | Found a bloodstained altar of Trog.
  6760 | D:8      | Identified the +3 long sword of Megalomania {vorpal, *Slow
                  | rElec rPois Int+6}
  6838 | D:8      | Found a burning altar of Makhleb.
  6847 | D:8      | Reached *** piety under Okawaru
  7104 | D:9      | Identified the +0 robe "Funalo" {rF++ Str-4}
  7269 | D:9      | Found an ornate altar of the Wu Jian Council.
  7358 | D:9      | Received a gift from Okawaru
  7833 | D:10     | Entered Level 10 of the Dungeon
  7865 | D:10     | Received a gift from Okawaru
  7968 | D:10     | Reached skill level 10 in Fighting
  7968 | D:10     | Reached skill level 10 in Armour
  7968 | D:10     | Reached skill level 10 in Shields
  8058 | D:10     | Reached **** piety under Okawaru
  8069 | D:10     | Reached XP level 11. HP: 99/99 MP: 10/10
  8133 | D:10     | Noticed a two-headed ogre
  8143 | D:10     | Killed a two-headed ogre
  8469 | D:10     | Reached skill level 1 in Invocations
  8481 | D:10     | Noticed Erolcha
  8507 | D:10     | Killed Erolcha
  8824 | D:10     | Found a radiant altar of Vehumet.
  8941 | Lair:1   | Entered Level 1 of the Lair of Beasts
  9000 | Lair:1   | Noticed Grum
  9127 | Lair:1   | Killed Grum
  9271 | Lair:1   | Reached ***** piety under Okawaru
  9316 | Lair:1   | Noticed an eight-headed hydra
  9326 | Lair:1   | Killed an eight-headed hydra
  9381 | Lair:1   | Reached skill level 11 in Fighting
  9574 | Lair:1   | Identified the +2 pair of boots of the Old World {rF+ rC+
                  | Will+} (Okawaru gifted it to you on level 1 of the Lair of
                  | Beasts)
  9574 | Lair:1   | Received a gift from Okawaru
  9964 | Lair:2   | Reached XP level 12. HP: 110/110 MP: 13/13
 10018 | Lair:2   | Found a runed translucent door.
 11043 | Lair:2   | Identified the +5 arbalest of Law {venom, *Corrode Str+6
                  | Dex+4 SInv}
 11195 | Lair:3   | Found a staircase to the Swamp.
 11199 | Lair:3   | Identified the +1 ring mail of Distant Worlds {Int+4}
                  | (Okawaru gifted it to you on level 3 of the Lair of Beasts)
 11199 | Lair:3   | Received a gift from Okawaru
 11200 | Lair:3   | Reached skill level 15 in Maces & Flails
 11231 | Lair:3   | Reached skill level 5 in Invocations
 11237 | Lair:3   | Found a hole to the Spider Nest.
 11275 | Lair:3   | Reached skill level 12 in Fighting
 11297 | Lair:3   | Noticed a four-headed hydra
 11306 | Lair:3   | Killed a four-headed hydra
 11335 | Lair:3   | Identified the +5 quarterstaff "Olecw" {venom, rPois MP+9}
 11566 | Lair:3   | Reached skill level 1 in Dodging
 11611 | Lair:3   | Reached skill level 1 in Throwing
 11620 | Lair:3   | Noticed a six-headed hydra
 11630 | Lair:3   | Killed a six-headed hydra
 12175 | Lair:4   | Reached XP level 13. HP: 104/118 MP: 16/16
 12560 | Lair:4   | Received a gift from Okawaru
 12650 | Lair:4   | Found a staircase to the Slime Pits.
 12650 | Lair:4   | Found a viscous altar of Jiyva.
 12751 | Lair:4   | Found a gate leading to a gauntlet.
 13412 | Lair:5   | Entered Level 5 of the Lair of Beasts
 13607 | Lair:5   | Reached skill level 13 in Fighting
 13698 | Lair:5   | Noticed Snorg
 13714 | Lair:5   | Killed Snorg
 13874 | Lair:5   | Received a gift from Okawaru
 13948 | Lair:5   | Reached XP level 14. HP: 129/129 MP: 18/18
 13979 | Lair:5   | Reached skill level 5 in Dodging
 14204 | Lair:5   | Received a gift from Okawaru
 14230 | Lair:5   | Reached skill level 5 in Throwing
 14588 | Lair:5   | Identified the +0 ring mail of Wijul {rC- rCorr Dex+6}
                  | (Okawaru gifted it to you on level 5 of the Lair of Beasts)
 14588 | Lair:5   | Received a gift from Okawaru
 14894 | Lair:4   | Identified a scroll of acquirement
 14894 | Lair:4   | Acquired the +10 morningstar "Eos" {elec, Halo rElec}
 14894 | Lair:4   | Found the +10 morningstar "Eos" {elec, Halo rElec}
 15213 | D:11     | Noticed Gastronok
 15274 | D:11     | Killed Gastronok
 15396 | D:11     | Reached skill level 14 in Fighting
 15617 | D:11     | Found a staircase to the Orcish Mines.
 15682 | D:11     | Noticed Sonja
 15686 | D:11     | Killed Sonja
 15955 | D:12     | Identified the +6 trident of Wondrous Power {protect,
                  | Will++}
 16105 | D:12     | Noticed Jorgrun
 16123 | D:12     | Killed Jorgrun
 16603 | Orc:1    | Entered Level 1 of the Orcish Mines
 16627 | Orc:1    | Reached XP level 15. HP: 139/139 MP: 14/20
 16875 | Orc:2    | Entered Level 2 of the Orcish Mines
 16897 | Orc:2    | Noticed Rupert
 16911 | Orc:2    | Killed Rupert
 16911 | Orc:2    | Identified the +0 ring mail "Gicit" {Drain Will+++ Regen+
                  | SInv} (Okawaru gifted it to you on level 2 of the Orcish
                  | Mines)
 16911 | Orc:2    | Received a gift from Okawaru
 17124 | Orc:2    | Noticed an orc warlord
 17148 | Orc:2    | Killed an orc warlord
 17195 | Orc:2    | Found a staircase to the Elven Halls.
 17279 | Orc:2    | Found Foicw's Antique Armour Shoppe.
 17288 | Orc:2    | Bought a glowing plate armour for 832 gold pieces
 17348 | Orc:2    | Found Edaothas's Antique Weapon Emporium.
 17527 | Orc:2    | Found Uhonec's Antique Weapon Shop.
 17529 | Orc:2    | Found Keyrch's Antique Armour Boutique.
 17536 | Orc:2    | Bought a runed buckler for 217 gold pieces
 17587 | Orc:2    | Found Boecs's General Store.
 17910 | D:13     | Found a gate to the Vaults.
 18210 | D:13     | Identified the +2 trident of the Riding Gods {flame, rPois
                  | Str+3 Dex+2}
 18450 | D:13     | Reached skill level 15 in Fighting
 19360 | D:15     | Entered Level 15 of the Dungeon
 19376 | D:15     | Received a gift from Okawaru
 19482 | D:15     | Reached skill level 15 in Armour
 19543 | D:15     | Found a staircase to the Depths.
 19757 | D:15     | Found a transporter.
 20454 | Swamp:1  | Entered Level 1 of the Swamp
 20463 | Swamp:1  | Reached skill level 15 in Shields
 20472 | Swamp:1  | Noticed a fenstrider witch
 20478 | Swamp:1  | Killed a fenstrider witch
 20532 | Swamp:1  | Received a gift from Okawaru
 20573 | Swamp:1  | Noticed a thorn hunter
 20578 | Swamp:1  | Reached XP level 16. HP: 133/151 MP: 14/22
 20582 | Swamp:1  | Reached skill level 16 in Fighting
 20615 | Swamp:1  | Killed a thorn hunter
 21250 | Swamp:2  | Reached skill level 10 in Invocations
 21522 | Swamp:2  | Noticed a thorn hunter
 21532 | Swamp:2  | Killed a thorn hunter
 21545 | Swamp:2  | Noticed Aizul
 21560 | Swamp:2  | Killed Aizul
 21919 | Swamp:3  | Noticed Suryr's ghost (adept GnHW)
 21923 | Swamp:3  | Found a runed translucent door.
 21968 | Swamp:3  | Noticed Kirke
 21990 | Swamp:3  | Killed Kirke
 22008 | Swamp:3  | Received a gift from Okawaru
 22048 | Swamp:3  | Reached skill level 17 in Fighting
 22148 | Swamp:3  | Identified the +0 helmet of the Sun {rElec rPois MP+9
                  | Str-2}
 22594 | Swamp:4  | Entered Level 4 of the Swamp
 22630 | Swamp:4  | Reached ****** piety under Okawaru
 22636 | Swamp:4  | Received a gift from Okawaru
 23380 | Swamp:4  | Received a gift from Okawaru
 23523 | Swamp:4  | Noticed Bai Suzhen
 23538 | Swamp:4  | Killed Bai Suzhen
 23586 | Swamp:4  | Reached skill level 10 in Dodging
 23632 | Swamp:4  | Reached XP level 17. HP: 148/162 MP: 17/24
 23700 | Swamp:4  | Received a gift from Okawaru
 23748 | Swamp:4  | Got a decaying rune of Zot
 24057 | Spider:1 | Entered Level 1 of the Spider Nest
 24309 | Spider:1 | Received a gift from Okawaru
 24322 | Spider:1 | Reached skill level 18 in Fighting
 24608 | Spider:1 | Received a gift from Okawaru
 25574 | Spider:3 | Noticed Asterion
 25588 | Spider:3 | Killed Asterion
 25602 | Spider:3 | Reached skill level 10 in Throwing
 25632 | Spider:3 | Received a gift from Okawaru
 26753 | Spider:4 | Entered Level 4 of the Spider Nest
 26753 | Spider:4 | Identified Roxanne's Papyrus of Evolution
 26753 | Spider:4 | Noticed Roxanne
 27059 | Spider:4 | Reached XP level 18. HP: 158/174 MP: 18/25
 27073 | Spider:4 | Reached skill level 19 in Fighting
 27485 | Spider:4 | Received a gift from Okawaru
 27553 | Spider:4 | Received a gift from Okawaru
 27809 | Spider:4 | Got a gossamer rune of Zot
 27906 | Spider:4 | Found a runed translucent door.
 27906 | Spider:4 | Noticed Bolleh's ghost (journeyman GnSk)
 28309 | Vaults:1 | Entered Level 1 of the Vaults
 28498 | Vaults:1 | Received a gift from Okawaru
 28821 | Vaults:1 | Received a gift from Okawaru
 29253 | Vaults:1 | Received a gift from Okawaru
 29268 | Vaults:1 | Reached skill level 20 in Fighting
 29477 | Vaults:1 | Found Ytitaith's Armour Shoppe.
 29830 | Vaults:2 | Found Laphag's Jewellery Shop.
 29838 | Vaults:2 | Bought the ring "Wyxzef" {*Slow Fly rElec rF+ SInv} for 794
                  | gold pieces
 29875 | Vaults:2 | Received a gift from Okawaru
 30210 | Vaults:2 | Received a gift from Okawaru
 30217 | Vaults:2 | Reached XP level 19. HP: 29/183 MP: 21/27
 30225 | Vaults:2 | HP: 4/183 [ironbound thunderhulk/+4 dire flail (17)]
 30238 | Vaults:2 | Slain by a crystal guardian

Illustrated notes

Levels and vault maps discovered:
D:1:      amcnicky_arrival_flooded_fountain, layout_basic
D:2:      layout_basic
D:3:      gammafunk_steamed_eel, layout_basic,
          nicolae_overflow_ecumenical_swirl, hellmonk_ecumenical_altar_lost_god,
          minmay_misc_feat_plants, kennysheep_generic_room_6
D:4:      layout_rooms, nicolae_sif_muna_little_library,
          minmay_temple_entry_drinking_statues, uniq_edmund
D:5:      layout_loops_corners, nicolae_gozag_zags_fifth_avenue,
          dreamdust_mushroom_princess, uniq_crazy_yiuf_cottage
D:6:      layout_cave_pools, kennysheep_little_box, kennysheep_mini_moat,
          okawaru_gym_becter, mainiacjoe_overflow_24_doors, uniq_eustachio
D:7:      layout_layer_cave, nicolae_ru_the_path_less_chosen, enter_bailey_3,
          eino_tiny_chamber, uniq_duvessa
D:8:      layout_basic, mainiacjoe_overflow_cross_hatched, tgw_trog,
          erik_lair_orcish_takeover, reono_crystal_passage, minmay_crystal_water
D:9:      layout_small_grid, nicolae_wu_jian_immortal_techniques,
          hellmonk_bongcloud_opening, kennysheep_minor_cross,
          minmay_misc_feat_tiny, minmay_fountain_box
D:10:     layout_basic, nicolae_vehumet_altar_sigil, hex_intersection,
          uniq_erolcha
D:11:     cheibrodos_fzero, layout_long_grid, hiddenorc1_lemuel, uniq_sonja,
          uniq_gastronok
D:12:     layout_stronghold, nicolae_figureground_pulse, uniq_jorgrun
D:13:     layout_layer_cave, erik_vaults_1
D:14:     layout_roguey, minmay_splitting_lines
D:15:     hangedman_depths_entry_civil_slaughter, layout_gridville,
          serial_rivers, chequers_serial_rivers_micro_a,
          chequers_serial_rivers_micro_c, chequers_serial_rivers_micro_d,
          chequers_serial_rivers_room_b, nicolae_diode_basic
Temple:   eino_temple_lava
Lair:1:   layout_cave_pods, uniq_grum
Lair:2:   gammafunk_lair_enchanted_lake, layout_cave_shapes,
          chequers_serial_rivers_large_b
Lair:3:   layout_loops_ring, minmay_swamp_entry_wisps, spider_nest_entry_webs,
          chequers_serial_rivers_room_a, grunt_megastairs_2
Lair:4:   layout_cave_pods, slime_entry_1, gauntlet_entry_generic,
          grunt_megastairs_3
Lair:5:   grunt_lair_end_beastmaster, layout_gridlike, uniq_snorg
Swamp:1:  layout_basic_swamp, evilmike_swamp_ruin_house_1, swamp_pool3,
          infiniplex_staircase_pool
Swamp:2:  layout_basic_swamp, nicolae_swamp_treefoil, swamp_pool5, uniq_aizul
Swamp:3:  layout_basic_swamp, hellmonk_ghost_happy_afterlife,
          evilmike_swamp_ruin_wall, uniq_kirke
Swamp:4:  swamp_alternative, layout_basic_swamp, swamp_pool5, grunt_witch_cave,
          uniq_bai_suzhen
Spider:1: layout_cave_pods
Spider:2: layout_spider_delve
Spider:3: layout_chambers, hellmonk_test_site, uniq_asterion
Spider:4: hellmonk_spider_rune_bug_friends, ebering_ghost_inner_flame,
          uniq_roxanne
Orc:1:    layout_diamond_mine
Orc:2:    grunt_orc_community_town_hall, layout_caves,
          grunt_orc_community_big_house_1, grunt_orc_community_big_house_1,
          grunt_orc_community_house_2, grunt_orc_community_house_3,
          grunt_orc_community_house_2, grunt_orc_community_house_2,
          grunt_orc_community_house_2, serial_shops, shop, uniq_rupert
Vaults:1: v_misc_17, v_misc_24, ontoclasm_vaults_idyll, vaults_room_pool,
          grunt_vaults_funnel, ontoclasm_vaults_shuriken,
          vaults_room_grunt_arrival_ludios, vaults_standard_mumra_lines,
          hangedman_vaults_trim, nicolae_vaults_little_ls,
          nicolae_vaults_three_branches, layout_vaults_omnigrid, serial_shops,
          shop
Vaults:2: vaults_room_corners, nicolae_vaults_little_squares_2,
          nicolae_vaults_halls_meeting, hangedman_vaults_stagger,
          vaults_room_corners, v_rooms_4, ontoclasm_vaults_loading_screen,
          layout_vaults_big_cross, serial_shops, nicolae_shop_trees, shop,
          uniq_xtahua

Skill      XL: |  1  2  3  4  5  6  7  8  9 10 11 12 13 14 15 16 17 18 |
---------------+-------------------------------------------------------+-----
Fighting       | 4 5 6 7 9 10 11 12 13 14 15 17 18 20 | 20.2
Maces & Flails | 3 4 5 8 10 12 14 15 16 | 16.0
Armour         | 4 5 6 7 9 10 11 12 13 14 15 16 17 | 17.7
Shields        | 4 5 6 7 8 10 11 12 13 14 15 16 17 | 17.5
Invocations    | 3 5 7 8 9 10 11 12 | 12.5
Dodging        | 1 4 7 8 10 11 12 | 12.2
Throwing       | 1 4 6 7 9 10 11 | 11.2

Action                   |  1- 3 |  4- 6 |  7- 9 | 10-12 | 13-15 | 16-18 | 19-21 || total
-------------------------+-------+-------+-------+-------+-------+-------+-------++-------
Melee: Flail             |    66 |   128 |   333 |   117 |       |       |       ||   644
       Headbutt          |     5 |    17 |    65 |   131 |   291 |   443 |     3 ||   955
       Kick              |     3 |       |       |       |       |       |       ||     3
       Morningstar       |       |       |       |   494 |  1112 |  1378 |     8 ||  2992
Throw: Dart              |       |       |     9 |    31 |       |       |       ||    40
       Boomerang         |       |       |       |     3 |    30 |    15 |       ||    48
       Javelin           |       |       |       |       |       |     2 |       ||     2
Invok: Heroism           |       |       |       |    11 |    35 |    31 |       ||    77
       Finesse           |       |       |       |     1 |    19 |    19 |       ||    39
Evoke: Wand              |       |     9 |     1 |    11 |       |       |       ||    21
  Use: Potion            |     3 |     4 |     2 |     5 |       |    24 |     2 ||    40
       Scroll            |     2 |     4 |     2 |    11 |    11 |     1 |       ||    31
 Stab: Petrified         |       |       |       |       |     4 |       |       ||     4
Armor: Scale mail        |    32 |    65 |     7 |       |       |       |       ||   104
       Plate armour      |       |       |   416 |   443 |   626 |  1041 |     6 ||  2532
Dodge: Dodged            |    28 |    57 |   170 |   178 |   378 |   810 |    11 ||  1632
Block: Buckler           |    15 |    27 |   200 |   235 |   412 |   411 |       ||  1300
       Kite shield       |       |       |       |       |       |   486 |     5 ||   491
